 Dungeon Crawl Stone Soup version 0.31-a0-365-gcf821cafb2 (webtiles) character file.

Game seed: 8212143743095867615

37 CraigForest the Shooter (level 3, -3/22 HPs)
             Began as a Gargoyle Hunter on July 28, 2023.
             Slain by Terence
             ... wielding a +0 trident
              (4 damage)
             ... on level 2 of the Dungeon.
             The game lasted 00:10:53 (1275 turns).

CraigForest the Shooter (Gargoyle Hunter)           Turns: 1275, Time: 00:10:54

Health: -3/22      AC:  6    Str: 14    XL:     3   Next: 41%
Magic:  3/3        EV: 12    Int:  9    God:
Gold:   63         SH:  5    Dex: 15    Spells: 2/2 levels left

rFire   . . .        a - +0 shortbow
rCold   . . .        (shield currently unavailable)
rNeg    + . .        c - +0 leather armour
rPois   ∞            (no helmet)
rElec   +            (no cloak)
rCorr   .            (no gloves)
SInv    .            (no boots)
Will    .....        h - amulet of reflection
Stlth   ++           (no ring)
HPRegen 0.23/turn    (no ring)
MPRegen 0.08/turn

%: reflection
@: no status effects
A: sickness immunity, AC +3, negative energy resistance 1, electricity
resistance, torment resistance 1, petrification resistance
a: no special abilities


You were on level 2 of the Dungeon.
You visited 1 branch of the dungeon, and saw 2 of its levels.

You collected 89 gold pieces.
You spent 26 gold pieces at shops.

Inventory:

Hand Weapons
 a - a +0 shortbow (weapon)
 e - a +0 mace
 f - a +0 short sword
 j - a +0 quarterstaff
 l - a +0 sling
Missiles
 k - 5 javelins
Armour
 c - a +0 leather armour (worn)
Jewellery
 h - an amulet of reflection (around neck)
Scrolls
 b - a scroll of butterflies
 d - a scroll of poison {unknown}
 g - a scroll of revelation {unknown}
 m - a scroll of fog {unknown}
 n - a scroll of identify
 p - a scroll of vulnerability {unknown}
Potions
 i - a potion of ambrosia
 o - a potion of magic
 q - a potion of might {unknown}


   Skills:
 + Level 2.4 Fighting
 + Level 4.8 Ranged Weapons
 + Level 1.9 Dodging
 + Level 1.2 Stealth


You had 2 spell levels left.
You didn't know any spells.
Your spell library contained the following spells:

 Spells                   Type           Power      Damage    Failure   Level
 Kiss of Death            Conj/Necr      0%         2d5       45%         1
 Confusing Touch          Hex            0%         N/A       83%         3
 Dispel Undead            Necr           0%         3d6       99%         4


Dungeon Overview and Level Annotations

Branches:
Dungeon (2/15)

Altars:

Shops:
D:1 ?

Annotations:
D:2 Terence


Innate Abilities, Weirdness & Mutations

You are immune to sickness and miasma.
Your stone body is resilient. (AC +3)
You are immune to poison.
You resist negative energy. (rN+)
You are resistant to electric shocks. (rElec)
You are resistant to unholy torment.
You are immune to petrification.


Message History

Fire: a) +0 shortbow
Press: ? - help, Q - select action, (/) - cycle Shift-Dir - straight line, f/p - Terence
Aim: Terence, wielding a +0 trident and wearing a +0 chain mail (lightly wounded, 69% to hit)
You shoot an arrow. The arrow hits Terence.
Terence is heavily wounded.
You block Terence's attack.
Fire: a) +0 shortbow
Press: ? - help, Q - select action, (/) - cycle Shift-Dir - straight line, f/p - Terence
Aim: Terence, wielding a +0 trident and wearing a +0 chain mail (heavily wounded, 69% to hit)
You shoot an arrow.
The arrow hits Terence but does no damage.
Terence is heavily wounded.
Terence hits you from afar with a +0 trident.
* * * LOW HITPOINT WARNING * * *
Terence closely misses you.
Fire: a) +0 shortbow
Press: ? - help, Q - select action, (/) - cycle Shift-Dir - straight line, f/p - Terence
Aim: Terence, wielding a +0 trident and wearing a +0 chain mail (heavily wounded, 69% to hit)
You shoot an arrow. The arrow barely misses Terence.
You block Terence's attack.
Fire: a) +0 shortbow
Press: ? - help, Q - select action, (/) - cycle Shift-Dir - straight line, f/p - Terence
Aim: Terence, wielding a +0 trident and wearing a +0 chain mail (heavily wounded, 69% to hit)
You shoot an arrow.
The arrow hits Terence but does no damage.
Terence is heavily wounded.
Terence misses you.
Fire: a) +0 shortbow
Press: ? - help, Q - select action, (/) - cycle Shift-Dir - straight line, f/p - Terence
Aim: Terence, wielding a +0 trident and wearing a +0 chain mail (heavily wounded, 69% to hit)
You shoot an arrow. The arrow hits Terence!
Terence is almost dead.
Terence hits you from afar with a +0 trident.
* * * LOW HITPOINT WARNING * * *
Fire: a) +0 shortbow
Press: ? - help, Q - select action, (/) - cycle Shift-Dir - straight line, f/p - Terence
Aim: Terence, wielding a +0 trident and wearing a +0 chain mail (almost dead, 69% to hit)
You shoot an arrow. The arrow barely misses Terence.
Terence hits you from afar with a +0 trident.
You die...

.$........#.# ##..
#.......#.###..#
###.......#.#.!..#
.##.......#.#....#
.##.......#.#....#####
.##.......#.#....†...#
..........#.#..@####.# #
...###..........†###...#
...# ##.#.#.##+#@....#
...# #.#.#.#..#.......#
...####.......##...).###
............####.....#
...###......# #.....#
##.....#....# #.....#
#.#.>....#.# #.....#
#.########.# #.....#
#.########.#


You could see Terence.

Vanquished Creatures
  An adder (D:2)
  A dart slug (D:1)
  3 endoplasms
  4 goblins
  3 hobgoblins (D:1)
  2 jackals (D:2)
  A kobold (D:1)
  A quokka (D:1)
  3 ball pythons (D:1)
  A bat (D:2)
  3 rats
23 creatures vanquished.

Notes
Turn   | Place    | Note
-------+----------+-------------------------------------------
     0 | D:1      | CraigForest the Gargoyle Hunter began the quest for the
                  | Orb.
     0 | D:1      | Reached XP level 1. HP: 12/12 MP: 1/1
    34 | D:1      | Found Uhuxty's Magic Scroll Shop.
   210 | D:1      | Reached XP level 2. HP: 11/17 MP: 2/2
  1012 | D:2      | Reached XP level 3. HP: 19/22 MP: 3/3
  1084 | D:1      | Bought a scroll of identify for 26 gold pieces
  1248 | D:2      | Noticed Terence
  1274 | D:2      | HP: 1/22 [Terence/+0 trident (3)]
  1275 | D:2      | Slain by Terence

Illustrated notes

Levels and vault maps discovered:
D:1:      scummos_arrival_gate, layout_basic, serial_shops, shop
D:2:      layout_basic, uniq_terence

Action                     || total
---------------------------++-------
   Fire: Shortbow          ||    82
    Use: Scroll            ||     2
 Armour: Leather armour    ||    12
  Dodge: Dodged            ||    24
  Block: Other             ||    12

Table legend: (Time is in decaauts)
 A = Elapsed time spent in this place.
 B = Non-inter-level travel time spent in this place.
 C = Inter-level travel time spent in this place.
 D = Time resting spent in this place.
 E = Time spent auto-exploring this place.
 F = Levels seen in this place.
 G = Mean time per level.
                   A        B        C        D        E       F      G
               +--------+--------+--------+--------+--------+-----+--------+
         Total |   1292 |    858 |    434 |      0 |    635 |   2 |  646.0 |
       Dungeon |   1292 |    858 |    434 |      0 |    635 |   2 |  646.0 |
               +--------+--------+--------+--------+--------+-----+--------+

Top non-repeatable levels by time:
     D:1: 1038 daAuts
     D:2: 254 daAuts
